[Event "44th Chess Olympiad Open 2022"]
[Site "Chennai"]
[Date "2022.08.09"]
[Round "11.40"]
[White "Eiti, Bashir"]
[Black "Kobese, Watu"]
[Result "1-0"]
[ECO "A45"]
[WhiteElo "2337"]
[BlackElo "2311"]
[Annotator "RC"]
[PlyCount "73"]
[EventDate "2022.07.29"]
[EventType "team-tourn"]
[EventCountry "IND"]
[SourceTitle "playchess.com"]
[Source "ChessBase"]
[SourceQuality "1"]
[WhiteTeam "Syria"]
[BlackTeam "South Africa"]
[WhiteTeamCountry "SYR"]
[BlackTeamCountry "RSA"]
[TimeControl "40/5400+30:1800+30"]

1. d4 Nf6 2. Bf4 g6 3. Nc3 d5 4. e3 a6 5. h4 h6 6. Nf3 c5 7. Ne5 c4 8. e4 b5 9. a4 Bb7 10. axb5 e6 11. exd5 exd5 12. bxa6 Nxa6 13. Be2 Bb4 14. Bf3 Kf8 15. Qd2 Kg7 16. Bxh6+ Rxh6 17. Qxh6+ Kxh6 18. Nxf7+ Kg7 19. Nxd8 Rxd8 20. O-O Nb8 21. Nd1 Bd2 22. Ne3 Nc6 23. c3 Bxe3 24. fxe3 Re8 25. Kf2 Ne4+ 26. Bxe4 Rxe4 27. b3 cxb3 28. Rfb1 Bc8 29. Rxb3 Rxh4 30. Rb5 Ne7 31. Ra7 Kf6 32. Rb8 Be6 33. Rf8+ Bf7 34. Kf3 Re4 35. g4 g5 36. c4 Kg6 37. Rxf7 1-0

[Event "44th Chess Olympiad Open 2022"]
[Site "Chennai"]
[Date "2022.08.09"]
[Round "11.40"]
[White "Mhango, Banele"]
[Black "Koniahli, Malek."]
[Result "1/2-1/2"]
[ECO "E84"]
[WhiteElo "2238"]
[BlackElo "2238"]
[Annotator "RC"]
[PlyCount "125"]
[EventDate "2022.07.29"]
[EventType "team-tourn"]
[EventCountry "IND"]
[SourceTitle "playchess.com"]
[Source "ChessBase"]
[SourceQuality "1"]
[WhiteTeam "South Africa"]
[BlackTeam "Syria"]
[WhiteTeamCountry "RSA"]
[BlackTeamCountry "SYR"]
[TimeControl "40/5400+30:1800+30"]

1. d4 Nf6 2. c4 g6 3. h4 Bg7 4. Nc3 d6 5. e4 Nc6 6. Nge2 O-O 7. f3 h5 8. Be3 a6 9. Qd2 Rb8 10. Nc1 e5 11. Nb3 exd4 12. Nxd4 Re8 13. Be2 Ne5 14. Bg5 c5 15. Nc2 Be6 16. Ne3 Qa5 17. O-O Nh7 18. Bf4 Rbd8 19. Rfd1 Rd7 20. Ncd5 Qd8 21. g3 Nc6 22. Rab1 Nd4 23. Kg2 Nxe2 24. Qxe2 f5 25. exf5 Bxf5 26. Rbc1 Rf7 27. Qd2 Bc8 28. Qd3 Nf8 29. b3 Bd4 30. Bg5 Qd7 31. Rh1 Kg7 32. Rce1 b5 33. Qd2 Ne6 34. Nc2 Nxg5 35. Nxd4 Rxe1 36. Qxe1 cxd4 37. hxg5 Qf5 38. Qe4 Qxe4 39. fxe4 bxc4 40. bxc4 Bg4 41. Nf6 Rb7 42. Nxg4 hxg4 43. Rd1 Rb2+ 44. Kf1 Kf7 45. Rxd4 Ke6 46. Rd5 Rc2 47. Ra5 Rxc4 48. Ke2 Rxe4+ 49. Kd3 Re5 50. Rxa6 Rf5 51. a4 Rf3+ 52. Ke4 Rxg3 53. Kf4 Rg1 54. a5 g3 55. Kf3 g2 56. Ra8 Rf1+ 57. Kxg2 Rf5 58. a6 Rxg5+ 59. Kf3 Ra5 60. a7 Kd5 61. Kf4 Kc6 62. Rc8+ Kb7 63. Rd8 1/2-1/2

[Event "44th Chess Olympiad Open 2022"]
[Site "Chennai"]
[Date "2022.08.09"]
[Round "11.40"]
[White "Altorky, Amer"]
[Black "Barrish, Daniel"]
[Result "0-1"]
[ECO "B25"]
[WhiteElo "2040"]
[BlackElo "2283"]
[Annotator "RC"]
[PlyCount "134"]
[EventDate "2022.07.29"]
[EventType "team-tourn"]
[EventCountry "IND"]
[SourceTitle "playchess.com"]
[Source "ChessBase"]
[SourceQuality "1"]
[WhiteTeam "Syria"]
[BlackTeam "South Africa"]
[WhiteTeamCountry "SYR"]
[BlackTeamCountry "RSA"]
[TimeControl "40/5400+30:1800+30"]

1. e4 c5 2. Nc3 d6 3. g3 Nc6 4. Bg2 g6 5. d3 Bg7 6. f4 e6 7. Nf3 Nge7 8. O-O O-O 9. Be3 Nd4 10. Bf2 e5 11. Nxd4 exd4 12. Ne2 d5 13. e5 b6 14. c3 dxc3 15. bxc3 Bf5 16. h3 h5 17. a4 Rc8 18. Kh2 Qd7 19. Ng1 Rfd8 20. Nf3 c4 21. d4 a6 22. Re1 b5 23. axb5 axb5 24. Ra6 Ra8 25. Qa1 Qb7 26. Ra3 Nc6 27. Nh4 Rxa3 28. Qxa3 Bd3 29. e6 Bf8 30. Qc1 f6 31. f5 g5 32. Ng6 Bxf5 33. Nxf8 Kxf8 34. h4 Qg7 35. Be3 Be4 36. hxg5 f5 37. Bf4 Qe7 38. g6 Qxe6 39. Bh6+ Kg8 40. Qg5 Rd6 41. Qf4 Qxg6 42. Bg5 Re6 43. Ra1 Bxg2 44. Kxg2 Re8 45. Ra6 Qe6 46. Kh3 Qd7 47. Bf6 Kf7 48. Be5 Rg8 49. Qh6 f4+ 50. Kg2 Rxg3+ 51. Kf2 Qf5 52. Qxf4 Qxf4+ 53. Bxf4 Rg6 54. Rb6 Rf6 55. Ke3 Re6+ 56. Kf2 b4 57. cxb4 Nxd4 58. Rb7+ Re7 59. Rb6 Re2+ 60. Kf1 Re6 61. Rb7+ Kg6 62. Bd2 Nb3 63. Be1 d4 64. Rc7 c3 65. b5 Rb6 66. Ke2 Rxb5 67. Kd3 Rc5 0-1

[Event "44th Chess Olympiad Open 2022"]
[Site "Chennai"]
[Date "2022.08.09"]
[Round "11.41"]
[White "Ziska, Helgi Dam"]
[Black "Wanyama, Harold"]
[Result "1/2-1/2"]
[ECO "B47"]
[WhiteElo "2549"]
[BlackElo "2242"]
[Annotator "RC"]
[PlyCount "133"]
[EventDate "2022.07.29"]
[EventType "team-tourn"]
[EventCountry "IND"]
[SourceTitle "playchess.com"]
[Source "ChessBase"]
[SourceQuality "1"]
[WhiteTeam "Faroe Islands"]
[BlackTeam "Uganda"]
[WhiteTeamCountry "FAI"]
[BlackTeamCountry "UGA"]
[TimeControl "40/5400+30:1800+30"]

1. e4 c5 2. Nf3 e6 3. d4 cxd4 4. Nxd4 Nc6 5. Nc3 Qc7 6. Be2 a6 7. Nxc6 bxc6 8. Qd3 d5 9. Qg3 Qxg3 10. hxg3 Nf6 11. g4 Bb4 12. Bd2 d4 13. Nb1 Rb8 14. e5 Nd7 15. f4 Bxd2+ 16. Nxd2 Rxb2 17. Nb3 Rxc2 18. Nxd4 Rb2 19. Nxc6 Bb7 20. Bf3 Rc2 21. Nd4 Rc7 22. Bxb7 Rxb7 23. O-O O-O 24. Rac1 g5 25. g3 Rb4 26. Rfd1 Nb6 27. f5 Re8 28. fxe6 fxe6 29. Rc6 Nc4 30. Nc2 Ra4 31. Rd4 Nxe5 32. Rxa4 Nxc6 33. Rxa6 Ne5 34. Ne3 Kf7 35. a4 Rd8 36. Ra7+ Kg6 37. Re7 Rd6 38. Rc7 Rd4 39. a5 Ra4 40. Re7 Kf6 41. Rxh7 Rxa5 42. Rh6+ Ke7 43. Rh7+ Kd6 44. Rg7 Ra1+ 45. Kf2 Ra2+ 46. Kf1 Nf3 47. Rb7 Nd2+ 48. Kg1 Ke5 49. Rb4 Nf3+ 50. Kf1 Nd4 51. Rc4 Ke4 52. Nd1 Ra1 53. Ke1 e5 54. Rc3 Nf3+ 55. Ke2 Ra2+ 56. Kf1 Nh2+ 57. Ke1 Nxg4 58. Rb3 Rh2 59. Ra3 Kf5 60. Rf3+ Kg6 61. Ra3 Rc2 62. Ra4 Nf6 63. Nf2 Kh5 64. g4+ Kg6 65. Ra5 e4 66. Nh3 Nh7 67. Ra6+ 1/2-1/2

[Event "44th Chess Olympiad Open 2022"]
[Site "Chennai"]
[Date "2022.08.09"]
[Round "11.41"]
[White "Egilstoft, Rogvi"]
[Black "Okas, Walter"]
[Result "0-1"]
[ECO "B10"]
[WhiteElo "2284"]
[BlackElo "2191"]
[Annotator "RC"]
[PlyCount "80"]
[EventDate "2022.07.29"]
[EventType "team-tourn"]
[EventCountry "IND"]
[SourceTitle "playchess.com"]
[Source "ChessBase"]
[SourceQuality "1"]
[WhiteTeam "Faroe Islands"]
[BlackTeam "Uganda"]
[WhiteTeamCountry "FAI"]
[BlackTeamCountry "UGA"]
[TimeControl "40/5400+30:1800+30"]

1. e4 c6 2. d3 d5 3. Nd2 Nd7 4. g3 Ngf6 5. Bg2 e5 6. Ne2 Bc5 7. O-O dxe4 8. dxe4 O-O 9. h3 Qe7 10. c3 a5 11. Qc2 Re8 12. b3 Nf8 13. a3 Ng6 14. Bb2 h5 15. b4 Bb6 16. Nc4 Ba7 17. Rad1 Be6 18. Nxa5 Bb6 19. Nb3 Bc4 20. Kh2 Qe6 21. Nbc1 Rad8 22. a4 Rxd1 23. Qxd1 Rd8 24. Qe1 Qd6 25. Bf3 Nf8 26. a5 Ba7 27. Ba1 g5 28. Bg2 Ng6 29. f4 exf4 30. gxf4 gxf4 31. Bf3 Qd2 32. Kh1 Qe3 33. Bg2 Nxe4 34. Rf3 Ng3+ 35. Kh2 Qe5 36. Rxg3 fxg3+ 37. Qxg3 Bb8 38. Qxe5 Bxe5+ 39. Kg1 Bxe2 40. Nxe2 Rd1+ 0-1

[Event "44th Chess Olympiad Open 2022"]
[Site "Chennai"]
[Date "2022.08.09"]
[Round "11.41"]
[White "Kawuma, Patrick"]
[Black "Nielsen, Hogni Egilstoft"]
[Result "1/2-1/2"]
[ECO "E62"]
[WhiteElo "2270"]
[BlackElo "2414"]
[Annotator "RC"]
[PlyCount "61"]
[EventDate "2022.07.29"]
[EventType "team-tourn"]
[EventCountry "IND"]
[SourceTitle "playchess.com"]
[Source "ChessBase"]
[SourceQuality "1"]
[WhiteTeam "Uganda"]
[BlackTeam "Faroe Islands"]
[WhiteTeamCountry "UGA"]
[BlackTeamCountry "FAI"]
[TimeControl "40/5400+30:1800+30"]

1. c4 Nf6 2. Nf3 g6 3. g3 Bg7 4. Bg2 O-O 5. O-O d6 6. d4 Nc6 7. Nc3 Bg4 8. h3 Bxf3 9. Bxf3 Nd7 10. e3 e5 11. dxe5 Ndxe5 12. Be2 Qd7 13. Kh2 Na5 14. Qc2 Qc6 15. b3 Nf3+ 16. Bxf3 Qxf3 17. Bb2 Nc6 18. Nd5 Rac8 19. Rae1 Rfe8 20. e4 Nd4 21. Bxd4 Bxd4 22. Qd1 Qxd1 23. Rxd1 Bg7 24. Rfe1 Kf8 25. Kg2 c6 26. Nf4 Red8 27. Rd3 Rb8 28. Red1 Be5 29. Ne2 Ke7 30. f4 Bg7 31. Kf3 1/2-1/2

[Event "44th Chess Olympiad Open 2022"]
[Site "Chennai"]
[Date "2022.08.09"]
[Round "11.41"]
[White "Nsubuga, Haruna"]
[Black "Rodgaard, John"]
[Result "1-0"]
[ECO "C00"]
[WhiteElo "2160"]
[BlackElo "2324"]
[Annotator "RC"]
[PlyCount "55"]
[EventDate "2022.07.29"]
[EventType "team-tourn"]
[EventCountry "IND"]
[SourceTitle "playchess.com"]
[Source "ChessBase"]
[SourceQuality "1"]
[WhiteTeam "Uganda"]
[BlackTeam "Faroe Islands"]
[WhiteTeamCountry "UGA"]
[BlackTeamCountry "FAI"]
[TimeControl "40/5400+30:1800+30"]

1. e4 e6 2. Nf3 d5 3. e5 c5 4. b4 cxb4 5. a3 Qa5 6. d4 Nc6 7. Bd3 Bd7 8. O-O a6 9. Bd2 Rc8 10. c3 bxc3 11. Nxc3 Qc7 12. Qb1 Nge7 13. Rc1 Ng6 14. h4 Be7 15. g3 b5 16. a4 b4 17. Nb5 Qb6 18. h5 axb5 19. hxg6 hxg6 20. Bxb5 O-O 21. Kg2 Rc7 22. Rh1 Nxd4 23. Be3 Bc5 24. Bxd4 Bxd4 25. Qxb4 Rc4 26. Rh8+ Kxh8 27. Qxf8+ Kh7 28. Rh1# 1-0

[Event "44th Chess Olympiad Open 2022"]
[Site "Chennai"]
[Date "2022.08.09"]
[Round "11.42"]
[White "Mieles Palau, Daniel"]
[Black "Mansour, Sameer"]
[Result "1-0"]
[ECO "B14"]
[WhiteElo "2364"]
[BlackElo "2275"]
[Annotator "ChessBase"]
[PlyCount "119"]
[EventDate "2022.07.29"]
[EventType "team-tourn"]
[EventCountry "IND"]
[SourceTitle "playchess.com"]
[Source "ChessBase"]
[SourceQuality "1"]
[WhiteTeam "Ecuador"]
[BlackTeam "Jordan"]
[WhiteTeamCountry "ECU"]
[BlackTeamCountry "JOR"]
[TimeControl "40/5400+30:1800+30"]

1. c4 Nf6 2. g3 g6 3. Bg2 Bg7 4. Nc3 O-O 5. d4 c6 6. e4 d5 7. cxd5 cxd5 8. exd5 Na6 9. Qb3 Nc7 10. Nge2 b5 11. Bf4 b4 12. Bxc7 Qxc7 13. Qxb4 Rb8 14. Qa3 Rd8 15. O-O Rd6 16. b3 Ba6 17. Rfe1 Bxe2 18. Nxe2 Nxd5 19. Rac1 Qd7 20. Bxd5 Rxd5 21. Rc4 e5 22. Rec1 exd4 23. Nf4 Re5 24. Nd3 Ree8 25. Rc7 Qf5 26. b4 h5 27. h4 Qf3 28. Qb3 Re2 29. Rc8+ Rxc8 30. Rxc8+ Kh7 31. Qd1 Qe4 32. Rc2 Rxc2 33. Qxc2 Bf8 34. Qc4 Kg7 35. a4 Be7 36. b5 g5 37. hxg5 Bxg5 38. a5 h4 39. gxh4 Qg4+ 40. Kf1 Qxh4 41. Qd5 Qh3+ 42. Ke2 Qg4+ 43. Qf3 Qe6+ 44. Kf1 Qa2 45. Qf5 Bd8 46. Qg4+ Kf8 47. b6 axb6 48. Qxd4 Ke8 49. Ne5 Bf6 50. axb6 Qe6 51. Qa4+ Kf8 52. Nc6 Qh3+ 53. Kg1 Qd3 54. Qb4+ Ke8 55. b7 Qg6+ 56. Kh2 Qh5+ 57. Kg3 Be5+ 58. Nxe5 Qxe5+ 59. Qf4 Qg7+ 60. Kf3 1-0

[Event "44th Chess Olympiad Open 2022"]
[Site "Chennai"]
[Date "2022.08.09"]
[Round "11.42"]
[White "Noboa Silva, Kevin"]
[Black "Aboudi, Marwan"]
[Result "1-0"]
[ECO "C45"]
[WhiteElo "2304"]
[BlackElo "2144"]
[Annotator "RC"]
[PlyCount "61"]
[EventDate "2022.07.29"]
[EventType "team-tourn"]
[EventCountry "IND"]
[SourceTitle "playchess.com"]
[Source "ChessBase"]
[SourceQuality "1"]
[WhiteTeam "Ecuador"]
[BlackTeam "Jordan"]
[WhiteTeamCountry "ECU"]
[BlackTeamCountry "JOR"]
[TimeControl "40/5400+30:1800+30"]

1. e4 e5 2. Nf3 Nc6 3. d4 exd4 4. Nxd4 Nf6 5. Nxc6 bxc6 6. e5 Nd5 7. c4 Bb4+ 8. Bd2 Bxd2+ 9. Nxd2 Ne7 10. Bd3 d6 11. O-O dxe5 12. Nf3 Bg4 13. h3 Bh5 14. g4 Bg6 15. Nxe5 Bxd3 16. Qxd3 Qxd3 17. Nxd3 O-O-O 18. Ne5 Rhf8 19. Rad1 f6 20. Nf3 c5 21. Nd2 Kb7 22. Ne4 Kb6 23. Nc3 Rd4 24. Rde1 Ng6 25. Re6+ Kb7 26. b3 Nf4 27. Re7 Nxh3+ 28. Kh2 Ng5 29. Nb5 Rxg4 30. f4 Rf7 31. Nd6+ 1-0

[Event "44th Chess Olympiad Open 2022"]
[Site "Chennai"]
[Date "2022.08.09"]
[Round "11.42"]
[White "Ahmad, Al Khatib"]
[Black "Bastidas Rodriguez, Emilio"]
[Result "1-0"]
[ECO "B84"]
[WhiteElo "2244"]
[BlackElo "2351"]
[Annotator "RC"]
[PlyCount "49"]
[EventDate "2022.07.29"]
[EventType "team-tourn"]
[EventCountry "IND"]
[SourceTitle "playchess.com"]
[Source "ChessBase"]
[SourceQuality "1"]
[WhiteTeam "Jordan"]
[BlackTeam "Ecuador"]
[WhiteTeamCountry "JOR"]
[BlackTeamCountry "ECU"]
[TimeControl "40/5400+30:1800+30"]

1. e4 c5 2. Nf3 d6 3. d4 cxd4 4. Nxd4 Nf6 5. Nc3 a6 6. Be2 e6 7. Be3 Nbd7 8. g4 h6 9. f4 g5 10. fxg5 hxg5 11. Bxg5 Be7 12. Qd2 Ne5 13. O-O-O Nfxg4 14. Bxe7 Qxe7 15. Bxg4 Nxg4 16. Nf5 exf5 17. Nd5 Qd8 18. Qc3 f6 19. Nc7+ Ke7 20. Nxa8 fxe4 21. Nc7 Ne5 22. Nd5+ Ke8 23. Nxf6+ Qxf6 24. Qxc8+ Qd8 25. Qe6+ 1-0

[Event "44th Chess Olympiad Open 2022"]
[Site "Chennai"]
[Date "2022.08.09"]
[Round "11.42"]
[White "Ibrahim Alwahsh"]
[Black "Esmeraldas Huachi, Anderson"]
[Result "0-1"]
[ECO "A08"]
[WhiteElo "2058"]
[BlackElo "2071"]
[Annotator "NA RC"]
[PlyCount "98"]
[EventDate "2022.07.29"]
[EventType "team-tourn"]
[EventCountry "IND"]
[SourceTitle "playchess.com"]
[Source "ChessBase"]
[SourceQuality "1"]
[WhiteTeam "Jordan"]
[BlackTeam "Ecuador"]
[WhiteTeamCountry "JOR"]
[BlackTeamCountry "ECU"]
[TimeControl "40/5400+30:1800+30"]

1. Nf3 d5 2. g3 c5 3. Bg2 Nf6 4. O-O e6 5. b3 g6 6. Bb2 Bg7 7. e3 O-O 8. d3 b6 9. Nbd2 Bb7 10. a3 Nbd7 11. Ra2 Qc7 12. Qa1 Nh5 13. Bxg7 Nxg7 14. d4 cxd4 15. exd4 Rac8 16. c4 dxc4 17. bxc4 Qb8 18. a4 a5 19. Rb1 Rc7 20. Rab2 Qa8 21. Qa3 Nf5 22. Bh3 Bxf3 23. Qxf3 Qxf3 24. Nxf3 Rxc4 25. Bxf5 exf5 26. Ne5 Nxe5 27. dxe5 Rxa4 28. Rxb6 Re4 29. f4 Re2 30. Rb8 Ra2 31. Rxf8+ Kxf8 32. Rb7 a4 33. Ra7 a3 34. Kh1 Ke8 35. Kg1 Kd8 36. Kh1 Kc8 37. Kg1 Kb8 38. Ra4 Kb7 39. h3 Kb6 40. Ra8 Kc5 41. Ra7 Kd4 42. Ra8 Ke3 43. Rc8 Kd4 44. Ra8 Ke4 45. Ra4+ Kf3 46. g4 Kg3 47. Kf1 Ra1+ 48. Ke2 a2 49. Ra3+ Kxf4 0-1

[Event "44th Chess Olympiad Open 2022"]
[Site "Chennai"]
[Date "2022.08.09"]
[Round "11.43"]
[White "Gemy, Jose Daniel"]
[Black "Gong, Daniel Hanwen"]
[Result "1/2-1/2"]
[ECO "B50"]
[WhiteElo "2373"]
[BlackElo "2296"]
[Annotator "RC"]
[PlyCount "149"]
[EventDate "2022.07.29"]
[EventType "team-tourn"]
[EventCountry "IND"]
[SourceTitle "playchess.com"]
[Source "ChessBase"]
[SourceQuality "1"]
[WhiteTeam "Bolivia"]
[BlackTeam "New Zealand"]
[WhiteTeamCountry "BOL"]
[BlackTeamCountry "NZL"]
[TimeControl "40/5400+30:1800+30"]

1. e4 c5 2. Nf3 d6 3. c3 Nf6 4. h3 Nbd7 5. Bd3 Qc7 6. c4 Ne5 7. Qe2 Nh5 8. g3 g6 9. Nc3 Bg7 10. b3 Bd7 11. Bb2 Qc8 12. Ng1 a6 13. O-O-O b5 14. Nd5 Nxd3+ 15. Qxd3 bxc4 16. Qxc4 Bb5 17. Qc2 Qb7 18. d3 Bc6 19. g4 Nf6 20. Nxf6+ Bxf6 21. Bxf6 exf6 22. Qc3 O-O 23. Qxf6 d5 24. h4 Rfe8 25. f3 a5 26. h5 Re6 27. Qb2 a4 28. Nh3 axb3 29. axb3 d4 30. Ng5 Re7 31. Nxh7 Qb4 32. Nf6+ Kg7 33. h6+ Kxf6 34. g5+ Ke6 35. h7 Ree8 36. Kc2 Rh8 37. Ra1 Qb8 38. Rxa8 Qxa8 39. b4 Qa4+ 40. Qb3+ Ke5 41. Rh4 cxb4 42. Kb2 Qa3+ 43. Qxa3 bxa3+ 44. Kxa3 Bb5 45. f4+ Kd6 46. Rh3 Bd7 47. Rh4 Kc5 48. Kb3 Be6+ 49. Kc2 Kb4 50. Kd2 Kb3 51. Rh1 Kb2 52. Rh4 Bd7 53. Rh2 Bg4 54. Rh4 Bh5 55. f5 Rxh7 56. f6 Rh8 57. e5 Re8 58. Rxh5 Rxe5 59. Rh4 Rxg5 60. Rxd4 Rf5 61. Rb4+ Ka3 62. Rb6 g5 63. Ke3 g4 64. Ke4 Rf1 65. Rb8 Rxf6 66. Rg8 Rf1 67. Ke5 f5 68. d4 f4 69. Rxg4 f3 70. Rg3 Kb4 71. Ke4 f2 72. Kf3 Kc4 73. Rg2 Kxd4 74. Rxf2 Rxf2+ 75. Kxf2 1/2-1/2

[Event "44th Chess Olympiad Open 2022"]
[Site "Chennai"]
[Date "2022.08.09"]
[Round "11.43"]
[White "Croad, Nicolas"]
[Black "Zambrana, Osvaldo"]
[Result "0-1"]
[ECO "B30"]
[WhiteElo "2289"]
[BlackElo "2417"]
[Annotator "RC"]
[PlyCount "166"]
[EventDate "2022.07.29"]
[EventType "team-tourn"]
[EventCountry "IND"]
[SourceTitle "playchess.com"]
[Source "ChessBase"]
[SourceQuality "1"]
[WhiteTeam "New Zealand"]
[BlackTeam "Bolivia"]
[WhiteTeamCountry "NZL"]
[BlackTeamCountry "BOL"]
[TimeControl "40/5400+30:1800+30"]

1. e4 c5 2. Nf3 Nc6 3. Bb5 e6 4. Bxc6 bxc6 5. d3 Qc7 6. Qe2 Ne7 7. e5 Ng6 8. h4 f6 9. exf6 gxf6 10. h5 Nf4 11. Qe4 Bh6 12. Kf1 d5 13. Qa4 e5 14. Nc3 Kf7 15. g3 Rb8 16. a3 Bg4 17. gxf4 Bxf3 18. Rh3 Bg4 19. Rg3 Bd7 20. fxe5 Bxc1 21. Rxc1 Rhg8 22. Re1 Rxg3 23. fxg3 fxe5 24. Qh4 Qd6 25. Re2 h6 26. Rf2+ Kg7 27. Nd1 Rf8 28. Kg2 Rxf2+ 29. Nxf2 Qf6 30. Qxf6+ Kxf6 31. g4 Be6 32. Kg3 Bg8 33. Nd1 Kg5 34. Nf2 Bh7 35. Nh3+ Kf6 36. Nf2 c4 37. b3 cxb3 38. cxb3 a5 39. b4 a4 40. Kf3 Bxd3 41. Nxd3 e4+ 42. Ke3 exd3 43. Kxd3 Kg5 44. Kd4 Kxg4 45. Kc5 Kxh5 46. Kxc6 d4 47. b5 d3 48. b6 d2 49. b7 d1=Q 50. b8=Q Qf3+ 51. Kd7 Qd3+ 52. Kc6 Qc3+ 53. Kd7 Qxa3 54. Qe5+ Kg4 55. Qe6+ Kg3 56. Qxh6 Qd3+ 57. Kc7 a3 58. Qg5+ Kf3 59. Qh5+ Ke3 60. Qg5+ Ke2 61. Kb7 Qe4+ 62. Kb8 a2 63. Qb5+ Kd1 64. Qb3+ Qc2 65. Qf3+ Kc1 66. Qf1+ Kb2 67. Qf6+ Qc3 68. Qf2+ Kb3 69. Qf7+ Qc4 70. Qf3+ Ka4 71. Qf6 Kb3 72. Qf3+ Kb4 73. Qf8+ Qc5 74. Qf6 Ka5 75. Kb7 Qd5+ 76. Ka7 Qd7+ 77. Ka8 Qa4 78. Kb7 Qe4+ 79. Ka7 Qe3+ 80. Kb7 Qb3+ 81. Ka7 Qa3 82. Qb6+ Ka4 83. Ka6 Qd3+ 0-1

[Event "44th Chess Olympiad Open 2022"]
[Site "Chennai"]
[Date "2022.08.09"]
[Round "11.43"]
[White "Mendoza, Rodrigo"]
[Black "Xie, Felix"]
[Result "1-0"]
[ECO "D31"]
[WhiteElo "2215"]
[BlackElo "2224"]
[Annotator "RC"]
[PlyCount "105"]
[EventDate "2022.07.29"]
[EventType "team-tourn"]
[EventCountry "IND"]
[SourceTitle "playchess.com"]
[Source "ChessBase"]
[SourceQuality "1"]
[WhiteTeam "Bolivia"]
[BlackTeam "New Zealand"]
[WhiteTeamCountry "BOL"]
[BlackTeamCountry "NZL"]
[TimeControl "40/5400+30:1800+30"]

1. c4 e6 2. d4 d5 3. Nc3 Be7 4. e4 dxe4 5. Nxe4 Nf6 6. Nc3 O-O 7. Nf3 b6 8. Be3 Bb7 9. Qc2 Na6 10. Rd1 Qe8 11. Be2 Nb4 12. Qb1 c5 13. O-O cxd4 14. Bxd4 Nc6 15. Be3 Rd8 16. a3 Rxd1 17. Rxd1 Qb8 18. Qc1 Ng4 19. Bg5 f6 20. Bh4 Bd6 21. h3 Nh6 22. c5 Bf4 23. Qc2 g5 24. Bg3 Bxg3 25. fxg3 Qxg3 26. Bc4 Nd8 27. Rd7 Nhf7 28. Ne2 Qb8 29. cxb6 Bxf3 30. gxf3 Qxb6+ 31. Kg2 Re8 32. Ng3 Qe3 33. Nh5 Qe5 34. Qc3 Qxc3 35. bxc3 Kf8 36. Nxf6 Re7 37. Nxh7+ Ke8 38. Nf6+ Kf8 39. Kg3 Ne5 40. Rxd8+ Kf7 41. Ng8 Rc7 42. Be2 Rxc3 43. Nh6+ Ke7 44. Rg8 Kf6 45. Ng4+ Nxg4 46. hxg4 Rxa3 47. Ra8 a5 48. Ra6 Re3 49. Kf2 Re5 50. Bd3 Rc5 51. Ke3 Ke5 52. Rb6 Kf6 53. Rb5 1-0

[Event "44th Chess Olympiad Open 2022"]
[Site "Chennai"]
[Date "2022.08.09"]
[Round "11.43"]
[White "Stark, John"]
[Black "Bolanos, Fernando"]
[Result "0-1"]
[ECO "A06"]
[WhiteElo "2028"]
[BlackElo "2258"]
[Annotator "RC"]
[PlyCount "82"]
[EventDate "2022.07.29"]
[EventType "team-tourn"]
[EventCountry "IND"]
[SourceTitle "playchess.com"]
[Source "ChessBase"]
[SourceQuality "1"]
[WhiteTeam "New Zealand"]
[BlackTeam "Bolivia"]
[WhiteTeamCountry "NZL"]
[BlackTeamCountry "BOL"]
[TimeControl "40/5400+30:1800+30"]

1. b3 d5 2. Bb2 Bf5 3. e3 e6 4. Nf3 Nd7 5. Be2 h6 6. O-O Ngf6 7. d4 Bd6 8. c4 c6 9. Nbd2 O-O 10. Ne5 Qe7 11. c5 Bc7 12. b4 a6 13. f4 Ne4 14. Nxe4 Bxe4 15. Nxd7 Qxd7 16. Bd3 a5 17. Bxe4 dxe4 18. f5 exf5 19. Qh5 f4 20. exf4 f5 21. b5 Qd5 22. b6 Bd8 23. Qe2 Bf6 24. Rfd1 a4 25. Bc3 Rfd8 26. a3 Qb3 27. Qa2 Rd5 28. Qxb3 axb3 29. a4 Rad8 30. a5 Bxd4+ 31. Bxd4 Rxd4 32. Rdb1 e3 33. Kf1 Rd2 34. Re1 b2 35. Rab1 R8d3 36. a6 bxa6 37. b7 Rb3 38. Rxe3 Rxb7 39. h4 a5 40. h5 Rc2 41. Ree1 a4 0-1

[Event "44th Chess Olympiad Open 2022"]
[Site "Chennai"]
[Date "2022.08.09"]
[Round "11.44"]
[White "Silva, David"]
[Black "Mwali, Chitumbo"]
[Result "1/2-1/2"]
[ECO "C77"]
[WhiteElo "2315"]
[BlackElo "2320"]
[Annotator "RC"]
[PlyCount "62"]
[EventDate "2022.07.29"]
[EventType "team-tourn"]
[EventCountry "IND"]
[SourceTitle "playchess.com"]
[Source "ChessBase"]
[SourceQuality "1"]
[WhiteTeam "Angola"]
[BlackTeam "Zambia"]
[WhiteTeamCountry "ANG"]
[BlackTeamCountry "ZAM"]
[TimeControl "40/5400+30:1800+30"]

1. e4 e5 2. Nf3 Nc6 3. Bb5 a6 4. Ba4 Nf6 5. Qe2 b5 6. Bb3 Be7 7. d4 d6 8. dxe5 Nxe5 9. Nxe5 dxe5 10. a4 Rb8 11. O-O O-O 12. axb5 axb5 13. Rd1 Qe8 14. Bg5 Bg4 15. f3 Be6 16. Nd2 Nd7 17. Be3 Nc5 18. Bxe6 Nxe6 19. c3 Qc6 20. Nb3 Rfd8 21. Na5 Qe8 22. g3 h6 23. Rd5 f6 24. Nb3 c6 25. Rdd1 Rxd1+ 26. Rxd1 Rd8 27. Bb6 Rxd1+ 28. Qxd1 Qb8 29. Be3 Qd8 30. Qe2 Qd7 31. c4 Bb4 1/2-1/2

[Event "44th Chess Olympiad Open 2022"]
[Site "Chennai"]
[Date "2022.08.09"]
[Round "11.44"]
[White "Phiri, Richmond"]
[Black "Miguel, Sergio"]
[Result "1-0"]
[ECO "E09"]
[WhiteElo "2293"]
[BlackElo "2274"]
[Annotator "RC"]
[PlyCount "59"]
[EventDate "2022.07.29"]
[EventType "team-tourn"]
[EventCountry "IND"]
[SourceTitle "playchess.com"]
[Source "ChessBase"]
[SourceQuality "1"]
[WhiteTeam "Zambia"]
[BlackTeam "Angola"]
[WhiteTeamCountry "ZAM"]
[BlackTeamCountry "ANG"]
[TimeControl "40/5400+30:1800+30"]

1. d4 Nf6 2. Nf3 e6 3. g3 d5 4. Bg2 Nbd7 5. O-O Be7 6. c4 c6 7. Nbd2 O-O 8. Qc2 b6 9. e4 Bb7 10. b3 a5 11. Bb2 Ra7 12. e5 Ne8 13. a3 Qa8 14. Rfe1 Nc7 15. cxd5 Nxd5 16. Ne4 Rd8 17. h4 Ba6 18. Bc1 Rc8 19. Bg5 Bf8 20. Bd2 c5 21. Neg5 g6 22. Qe4 cxd4 23. h5 Nc5 24. Qh4 h6 25. hxg6 fxg6 26. Ne4 Nxb3 27. Qg4 Kh7 28. Qxe6 Nxa1 29. Nfg5+ hxg5 30. Nxg5+ 1-0

[Event "44th Chess Olympiad Open 2022"]
[Site "Chennai"]
[Date "2022.08.09"]
[Round "11.44"]
[White "Kabwe Timothy"]
[Black "Lutuima, Amaro"]
[Result "1/2-1/2"]
[ECO "D02"]
[WhiteElo "2248"]
[BlackElo "2048"]
[Annotator "RC"]
[PlyCount "114"]
[EventDate "2022.07.29"]
[EventType "team-tourn"]
[EventCountry "IND"]
[SourceTitle "playchess.com"]
[Source "ChessBase"]
[SourceQuality "1"]
[WhiteTeam "Zambia"]
[BlackTeam "Angola"]
[WhiteTeamCountry "ZAM"]
[BlackTeamCountry "ANG"]
[TimeControl "40/5400+30:1800+30"]

1. d4 Nf6 2. Nf3 e6 3. Bf4 d5 4. e3 Bd6 5. Ne5 O-O 6. Nd2 c5 7. c3 Nc6 8. Bg3 Bxe5 9. dxe5 Nd7 10. f4 c4 11. Nf3 Qb6 12. Qd2 Nc5 13. Nd4 f6 14. exf6 Rxf6 15. Be2 Bd7 16. O-O Ne4 17. Qc2 Nxg3 18. hxg3 Rg6 19. Bh5 Rh6 20. Bf3 Kh8 21. Rae1 e5 22. Nxc6 bxc6 23. fxe5 Qc7 24. Qf2 Qxe5 25. e4 Qg5 26. exd5 cxd5 27. Bxd5 Qxd5 28. Rd1 Qe6 29. Qf8+ Rxf8 30. Rxf8+ Qg8 31. Rxg8+ Kxg8 32. Rxd7 Rb6 33. Rd2 Ra6 34. b3 Ra3 35. Rb2 a5 36. Kf2 a4 37. Ke3 cxb3 38. axb3 axb3 39. c4 Ra2 40. Rxb3 Rxg2 41. Kd4 Kf7 42. c5 Rc2 43. Kd5 h5 44. Rb7+ Kf6 45. c6 Rd2+ 46. Kc5 Rc2+ 47. Kb6 g5 48. Rh7 Kf5 49. c7 Kg4 50. Rg7 Kf5 51. Rd7 Kg4 52. Rd5 Rxc7 53. Kxc7 h4 54. gxh4 gxh4 55. Rd8 h3 56. Rh8 Kg3 57. Rxh3+ Kxh3 1/2-1/2